 Dungeon Crawl Stone Soup version 0.24-a0-615-g751f86b5a9 (webtiles) character file.

Game seed: 6233115073197399613, levelgen mode: deterministic

18530 Peloso the Carver (level 12, 0/106 HPs)
             Began as a Minotaur Fighter on Sept 13, 2019.
             Was a High Priest of Okawaru.
             Engulfed by an ice statue's freezing vapour (3 damage)
             ... in an ice cave.
             The game lasted 00:26:05 (10082 turns).

Peloso the Carver (Minotaur Fighter)               Turns: 10082, Time: 00:26:06

Health: 0/106      AC: 18    Str: 25    XL:     12   Next: 28%
Magic:  11/11      EV: 14    Int:  5    God:    Okawaru [*****.]
Gold:   478        SH: 15    Dex: 11    Spells: 11/11 levels left

rFire    + . .     SeeInvis +   a - +3 falchion
rCold    + . .     Gourm    .   c - +0 shield
rNeg     . . .     Faith    .   b - +3 chain mail {rF+}
rPois    .         Spirit   .   (helmet restricted)
rElec    .         Reflect  .   (no cloak)
rCorr    .         Harm     .   (no gloves)
MR       .....                  o - +0 pair of boots
Stlth    ..........             z - amulet of magic regeneration
HPRegen  0.27/turn              B - ring of protection from cold
MPRegen  0.37/turn              h - ring of see invisible

@: heroism
A: retaliatory headbutt, horns 2
a: Heroism, Finesse, Renounce Religion


You were in an ice cave.
You worshipped Okawaru.
Okawaru was extremely pleased with you.
You were hungry.

You visited 2 branches of the dungeon, and saw 12 of its levels.
You also visited: Ice Cave.

You collected 478 gold pieces.

Inventory:

Hand Weapons
 a - a +3 falchion (weapon)
Armour
 b - a +3 chain mail of fire resistance (worn)
 c - a +0 shield (worn)
 o - a +0 pair of boots (worn)
 F - the +2 scale mail of Nito Ivan {Slay+5}
   (Okawaru gifted it to you on level 11 of the Dungeon)

   It affects your accuracy and damage with ranged weapons and melee attacks
   (+5).
Jewellery
 h - a ring of see invisible (right hand)
 j - an uncursed ring of resist corrosion
 m - an uncursed ring of positive energy
 z - an amulet of magic regeneration (around neck)
 B - a ring of protection from cold (left hand)
Wands
 l - a wand of acid (10)
 n - a wand of flame (11)
 v - a wand of iceblast (8)
 D - a wand of paralysis (10)
 G - a wand of random effects (19)
Scrolls
 g - 2 scrolls of enchant armour
 i - 2 scrolls of magic mapping
 p - 3 scrolls of fog
 q - 3 scrolls of amnesia
 s - 6 scrolls of remove curse
 u - a scroll of fear
 x - 3 scrolls of blinking
 y - 2 scrolls of teleportation
Potions
 d - 3 potions of might
 e - 2 potions of haste
 k - a potion of invisibility
 r - a potion of curing
 t - 2 potions of brilliance
 w - 2 potions of resistance
 A - 2 potions of cancellation
 E - 4 potions of mutation
 H - a potion of ambrosia {unknown}
Comestibles
 f - 9 rations


   Skills:
 + Level 10.3(15.3) Fighting
 + Level 12.9(17.9) Long Blades
 + Level 11.8(16.8) Armour
 + Level 5.6(10.6) Dodging
 + Level 1.9(6.9) Stealth
 + Level 12.6(17.6) Shields
 + Level 1.3 Invocations


You had 11 spell levels left.
You didn't know any spells.
Your spell library contained the following spells:

 Spells                   Type           Power        Failure   Level  Hunger
 Confusing Touch          Hex            #.....       89%         1    ##.....
 Confuse                  Hex            #.......     99%         3    ####...
 Gell's Gravitas          Tloc           #.........   99%         3    ####...
 Petrify                  Tmut/Erth      #.......     100%        4    #####..
 Metabolic Englaciation   Hex/Ice        #.........   100%        5    ######.
 Yara's Violent Unravell  Hex/Tmut       #.........   100%        5    ######.


Dungeon Overview and Level Annotations

Branches:
Dungeon (11/15)            Temple (1/1) D:4            Lair (0/6) D:8
    Orc (0/2) D:10          IceCv (1/1)

Altars:
Ashenzari
Cheibriados
Dithmenos
Elyvilon
Fedhas
Gozag
Hepliaklqana
Kikubaaqudgha
Makhleb
Nemelex Xobeh
Okawaru
Qazlal
Ru
Sif Muna
Trog
Uskayaw
Vehumet
Wu Jian
Xom
Yredelemnul
Zin
The Shining One

Annotations:
IceCv exclusion: ice statue


Innate Abilities, Weirdness & Mutations

You reflexively headbutt those who attack you in melee.
You have a pair of horns on your head.


Message History

* * * LOW HITPOINT WARNING * * *
Unknown command.
You slash the ice statue!
The ice statue is severely damaged.
You are engulfed in freezing vapours.
You resist.
* * * LOW HITPOINT WARNING * * *
The ice statue gestures at you. The shard of ice hits you!!
You partially resist.
* * * LOW HITPOINT WARNING * * *
You block the ice beast's attack. x2
You hit the ice statue but do no damage.
The ice statue is severely damaged.
You are engulfed in freezing vapours.
You resist.
* * * LOW HITPOINT WARNING * * *
The ice beast hits you but does no damage.
Unknown command.
You hit the ice statue but do no damage.
The ice statue is severely damaged.
You are engulfed in freezing vapours.
You resist.
You die...

## #.#
..#
##..##
#.8..##
##@Y...#
#Y.°#..#
##..##
.# #..##
#.##
#†##
##○#
##○#
#..#


You could see an ice statue and 2 ice beasts.

Vanquished Creatures
  Erolcha (D:11)
  2 two-headed ogres
  A death yak (IceCv)
  Urug (D:10)
  An unseen horror (D:11)
  A gargoyle (D:11)
  A komodo dragon (D:8)
  2 hornets
  8 polar bears (IceCv)
  A hippogriff (D:9)
  Prince Ribbit (D:9)
  29 yaks
  A hungry ghost (D:7)
  Grum (D:11)
  A basilisk (D:9)
  A warg (D:10)
  Duvessa (D:7)
  An orc warrior (D:10)
  2 sky beasts
  11 ice beasts
  A black bear (D:4)
  An eye of draining (D:9)
  3 ogres
  4 centaurs
  4 phantoms
  12 wolves
  6 bullfrogs
  2 big kobolds
  Dowan (D:7)
  8 scorpions
  A water moccasin skeleton (D:11)
  9 killer bees
  7 wights
  5 crimson imps
  10 hounds
  A quasit (D:9)
  2 jellies
  4 bullfrog skeletons
  6 orc priests
  4 centaur skeletons
  A gnoll shaman (D:9)
  6 orc wizards
  Jessica (D:3)
  4 iguanas
  6 worker ants
  A hound skeleton (D:8)
  2 worker ant zombies
  13 adders
  9 gnolls
  6 shadow imps
  An adder zombie (D:9)
  An ooze (D:7)
  An adder skeleton (D:4)
  2 worms
  A dart slug (D:3)
  6 leopard geckos
  18 orcs
  4 ball pythons
  6 bats
  5 giant cockroaches
  12 goblins
  4 hobgoblins
  6 jackals
  A ball python skeleton (D:5)
  9 frilled lizards
  22 kobolds
  A leopard gecko skeleton (D:4)
  2 rats
310 creatures vanquished.

Vanquished Creatures (others)
  2 plants (D:8)
2 creatures vanquished.

Grand Total: 312 creatures vanquished

Notes
Turn   | Place    | Note
-------+----------+-------------------------------------------
     0 | D:1      | Peloso the Minotaur Fighter began the quest for the Orb.
     0 | D:1      | Reached XP level 1. HP: 19/19 MP: 0/0
   301 | D:1      | Reached XP level 2. HP: 22/27 MP: 1/1
   908 | D:2      | Reached XP level 3. HP: 27/33 MP: 2/2
  1446 | D:2      | Reached skill level 1 in Dodging
  1446 | D:2      | Reached XP level 4. HP: 34/40 MP: 3/3
  1489 | D:2      | Found an opulent altar of Gozag.
  1706 | D:3      | Found a shattered altar of Ashenzari.
  1928 | D:3      | Noticed an ogre
  1939 | D:3      | Reached skill level 5 in Shields
  1939 | D:3      | Reached XP level 5. HP: 44/47 MP: 4/4
  1956 | D:3      | Killed an ogre
  1970 | D:3      | Noticed Jessica
  1978 | D:3      | Killed Jessica
  1978 | D:3      | Reached skill level 5 in Armour
  1978 | D:3      | Reached XP level 6. HP: 6/53 MP: 5/5
  2547 | D:4      | Reached skill level 5 in Long Blades
  2547 | D:4      | Reached XP level 7. HP: 29/60 MP: 6/6
  2564 | D:4      | Reached skill level 5 in Fighting
  2866 | D:4      | Found a staircase to the Ecumenical Temple.
  2914 | Temple   | Entered the Ecumenical Temple
  3232 | D:5      | Entered Level 5 of the Dungeon
  3394 | D:5      | Found a burning altar of Makhleb.
  3457 | D:5      | Reached skill level 1 in Stealth
  3457 | D:5      | Reached XP level 8. HP: 64/69 MP: 7/7
  3712 | D:5      | Got a translucent quarterstaff
  3737 | D:5      | Identified the +8 quarterstaff "Zidghar" {drain, SInv} (You
                  | found it on level 5 of the Dungeon)
  4221 | D:6      | Found an iron altar of Okawaru.
  4258 | D:6      | Became a worshipper of Warmaster Okawaru
  4436 | D:7      | Noticed a hornet
  4445 | D:7      | Killed a hornet
  4445 | D:7      | Reached XP level 9. HP: 43/75 MP: 8/8
  4700 | D:7      | Found an ancient bone altar of Kikubaaqudgha.
  4788 | D:7      | Reached * piety under Okawaru
  4793 | D:7      | Found a stormy altar of Qazlal.
  4848 | D:7      | Noticed Dowan
  4849 | D:7      | Noticed Duvessa
  4860 | D:7      | Killed Duvessa
  4864 | D:7      | Killed Dowan
  4994 | D:7      | Found a snail-covered altar of Cheibriados.
  5398 | D:8      | Found a white marble altar of Elyvilon.
  5494 | D:8      | Found a staircase to the Lair.
  5494 | D:8      | Noticed a komodo dragon
  5542 | D:8      | Killed a komodo dragon
  5542 | D:8      | Reached ** piety under Okawaru
  6230 | D:9      | Found Dokhuezi's Assorted Antiques.
  6343 | D:9      | Reached XP level 10. HP: 77/86 MP: 9/9
  6344 | D:9      | Noticed a two-headed ogre
  6362 | D:9      | Killed a two-headed ogre
  6362 | D:9      | Reached *** piety under Okawaru
  6381 | D:9      | Reached skill level 10 in Long Blades
  6525 | D:9      | Reached skill level 1 in Invocations
  6718 | D:9      | Noticed Prince Ribbit
  6976 | D:8      | Reached skill level 10 in Armour
  7102 | D:9      | Reached skill level 10 in Shields
  7119 | D:9      | Killed Prince Ribbit
  7296 | D:9      | Found a burning altar of Makhleb.
  7297 | D:9      | Found a shimmering altar of Xom.
  7333 | D:10     | Entered Level 10 of the Dungeon
  7361 | D:10     | Reached **** piety under Okawaru
  7370 | D:10     | Noticed Urug
  7395 | D:10     | Killed Urug
  7742 | D:10     | Found a staircase to the Orcish Mines.
  7772 | D:10     | Reached XP level 11. HP: 66/95 MP: 10/10
  8218 | D:11     | Noticed Erolcha
  8243 | D:11     | Killed Erolcha
  8243 | D:11     | Reached ***** piety under Okawaru
  8250 | D:11     | Noticed a two-headed ogre
  8264 | D:11     | Killed a two-headed ogre
  8269 | D:11     | Noticed Grum
  8271 | D:11     | Noticed an unseen horror
  8273 | D:11     | Killed an unseen horror
  8273 | D:11     | Reached skill level 5 in Dodging
  8279 | D:11     | Killed Grum
  8487 | D:11     | Received a gift from Okawaru
  8557 | D:11     | Got a twisted scale mail {god gift}
  8565 | D:11     | Found a frozen archway.
  8578 | D:11     | Identified the +2 scale mail of Nito Ivan {Slay+5} (Okawaru
                  | gifted it to you on level 11 of the Dungeon)
  8941 | IceCv    | Entered an ice cave
  9191 | IceCv    | Noticed a death yak
  9215 | IceCv    | Killed a death yak
  9473 | IceCv    | Reached XP level 12. HP: 88/106 MP: 11/11
  9753 | IceCv    | Reached skill level 10 in Fighting
 10080 | IceCv    | HP: 4/106 [ice statue/shard of ice (18)]
 10082 | IceCv    | Engulfed by an ice statue's freezing vapour

Levels and vault maps discovered:
D:1:      elethiomel_arrival_shortcut, layout_loops_corners, st_stairs_1,
          minivault_14
D:2:      layout_basic, nicolae_gozag_cash_rules_everything_around_me,
          serial_glass, glass_columns_a, glass_columns_b, first_ration
D:3:      layout_basic, evilmike_ruin_ashenzari, uniq_jessica
D:4:      layout_cave_pools, minmay_temple_entry_statues
D:5:      layout_cave_pools, basic_altar
D:6:      layout_loops_ring, okawaru_altar_gauntlet_db
D:7:      layout_basic, overflow_temple_1_default, old_standard_altar,
          basic_altar, uniq_duvessa
D:8:      layout_basic, david_lair_shrubbed, basic_altar
D:9:      layout_cave_pools, grunt_temple_overflow_champion_of_chaos,
          serial_shops, shop, uniq_prince_ribbit1
D:10:     layout_basic, erik_orc_4, serial_rivers,
          chequers_serial_rivers_small_3, chequers_serial_rivers_micro_c,
          chequers_serial_rivers_micro_b, chequers_serial_rivers_room_a,
          chequers_serial_rivers_micro_a, uniq_urug
D:11:     layout_rooms, portal_ice_cave_entry_ice_beasts, uniq_erolcha,
          uniq_grum
Temple:   nicolae_temple_x_marks_the_god
IceCv:    ice_cave_caverns_01

Skill      XL: |  1  2  3  4  5  6  7  8  9 10 11 12 |
---------------+-------------------------------------+-----
Shields        | 4 5 6 7 8 10 11 12 | 12.6
Long Blades    | 3 4 5 6 7 9 11 12 | 12.9
Armour         | 4 5 6 8 9 10 11 | 11.8
Fighting       | 4 5 6 7 8 9 10 | 10.3
Dodging        | 1 2 3 4 5 |  5.6
Stealth        | 1 |  1.9
Invocations    | 1 |  1.3

Action                   |  1- 3 |  4- 6 |  7- 9 | 10-12 || total
-------------------------+-------+-------+-------+-------++-------
Melee: Long sword        |    91 |    80 |   346 |       ||   517
       Headbutt          |     8 |    15 |    87 |   185 ||   295
       Falchion          |       |       |   107 |   738 ||   845
Invok: Heroism           |       |       |     2 |    10 ||    12
  Use: Potion            |     5 |     1 |     1 |     4 ||    11
       Scroll            |     3 |       |    12 |     1 ||    16
  Eat: Chunk             |       |     4 |     7 |    12 ||    23
       Ration            |       |       |     5 |       ||     5
Armor: Scale mail        |    51 |    49 |    36 |       ||   136
       Chain mail        |       |       |    78 |   231 ||   309
       Plate armour      |       |       |    61 |       ||    61
Dodge: Dodged            |    29 |    46 |   134 |   178 ||   387
Block: Shield            |    50 |    57 |   239 |   353 ||   699
       Rpst.: Long sword |     4 |    15 |    34 |       ||    53
       Falchion          |       |       |     6 |    47 ||    53

Table legend:
 A = Non-vault XP
 B = Vault XP
 C = Vault XP percentage of total XP
 D = Non-vault monster count
 E = Vault monster count
 F = Vault count percentage of total count
                 A         B        C        D         E       F
            +---------+---------+-------+---------+---------+-------
      Total |   13384 |   13088 |  49.4 |     228 |      82 |  26.5
            +---------+---------+-------+---------+---------+-------
        D:1 |      27 |       7 |  20.6 |      18 |       3 |  14.3
        D:2 |     123 |       0 |   0.0 |      18 |       0 |   0.0
        D:3 |     216 |      37 |  14.6 |      21 |       1 |   4.5
        D:4 |     733 |       0 |   0.0 |      17 |       0 |   0.0
        D:5 |     538 |       0 |   0.0 |      16 |       0 |   0.0
        D:6 |     879 |      10 |   1.1 |      22 |       5 |  18.5
        D:7 |    1201 |     228 |  16.0 |      19 |       2 |   9.5
        D:8 |    1502 |     367 |  19.6 |      24 |       1 |   4.0
        D:9 |    3231 |     314 |   8.9 |      35 |       2 |   5.4
       D:10 |     981 |    1394 |  58.7 |      10 |      18 |  64.3
       D:11 |    3953 |    2412 |  37.9 |      28 |      12 |  30.0
      IceCv |       0 |    8319 | 100.0 |       0 |      38 | 100.0
            +---------+---------+-------+---------+---------+-------
